 Dungeon Crawl Stone Soup version 0.22.1-1-ga44c0e5 (webtiles) character file.

203 Velaskes the Skirmisher (level 5, -12/42 HPs)
             Began as a Demonspawn Abyssal Knight on Oct 30, 2018.
             Was a Believer of Lugonu.
             Mangled by an orc warrior
             ... wielding a +0 scimitar
              (19 damage)
             ... on level 4 of the Dungeon.
             The game lasted 00:12:31 (4266 turns).

Velaskes the Skirmisher (Demonspawn Abyssal Knight) Turns: 4266, Time: 00:12:32

Health: -12/42     AC:  7    Str: 14    XL:     5   Next: 51%
Magic:  6/6        EV: 11    Int: 13    God:    Lugonu [**....]
Gold:   189        SH:  0    Dex: 14    Spells: 4/4 levels left

rFire    . . .     SeeInvis .   a - +1 mace
rCold    + . .     Gourm    .   (no shield)
rNeg     . . .     Faith    .   k - +0 ring mail
rPois    .         Spirit   .   (no helmet)
rElec    .         Reflect  .   (no cloak)
rCorr    .         Harm     .   (no gloves)
MR       .....                  (no boots)
Stlth    +.........             (no amulet)
HPRegen  0.14/turn              l - ring of flight
MPRegen  0.10/turn              (no ring)

@: no status effects
A: yellow scales 1, agile 1, cold resistance 1, MP-powered wands
a: Depart the Abyss, Bend Space, Renounce Religion, Evoke Flight


You were on level 4 of the Dungeon.
You worshipped Lugonu.
Lugonu was pleased with you.
You were hungry.

You visited 1 branch of the dungeon, and saw 4 of its levels.
You visited the Abyss 1 time.

You collected 189 gold pieces.

Inventory:

Hand Weapons
 a - a +1 mace (weapon)
Armour
 b - a +0 leather armour
 k - a +0 ring mail (worn)
Magical Staves
 e - an uncursed staff of earth {unknown}
Jewellery
 l - a ring of flight (left hand)
Wands
 i - a wand of flame (23)
Scrolls
 f - 4 scrolls of identify
 h - a scroll of magic mapping
 j - 2 scrolls of fear
 m - a scroll of enchant weapon {unknown}
 o - a scroll of teleportation {unknown}
Potions
 d - a potion of brilliance
 g - a potion of flight
 n - 2 potions of heal wounds {unknown}
 p - a potion of agility
Comestibles
 c - 7 rations


   Skills:
 + Level 4.0 Fighting
 + Level 3.5 Maces & Flails
 + Level 2.9 Armour
 + Level 1.8 Dodging
 + Level 0.3 Stealth
 + Level 2.4 Invocations


You had 4 spell levels left.
You didn't know any spells.
Your spell library was empty.

Dungeon Overview and Level Annotations

Branches:
Dungeon (4/15)
 Temple: D:4-7

Altars:
Cheibriados
Dithmenos
Hepliaklqana
Nemelex Xobeh
Sif Muna


Innate Abilities, Weirdness & Mutations

You are partially covered in yellow scales. (AC +2)
Your flesh is cold resistant. (rC+)
You are agile. (Dex +2)
You expend magic power (3 MP) to strengthen your wands.


Message History

There is a stone staircase leading up here.
You climb upwards.
There is a stone staircase leading down here.
You start resting.
You are feeling hungry.
You start resting.
HP restored.
There is a stone staircase leading down here.
You climb downwards.
The orc warrior hits you with a scimitar! x2
There is a stone staircase leading up, spattered with blood here.
You hit the orc warrior but do no damage.
The orc wizard mumbles some strange words.
The orc wizard blinks!
The orc warrior hits you with a scimitar!!
* * * LOW HITPOINT WARNING * * *
You hit the orc warrior.
The orc warrior is lightly wounded.
The orc warrior hits you with a scimitar!!
You die...

#. .### ..# #
###)####.###
#...........
..########.o.........
.............####.##.
..#######..>.#
#..ยง@##.# #...o...#
# ###...#####.##
#.....###.....
#..(..........
#...........#
#.#.......#.#
#.....#.###
##.####...


You could see an orc warrior and an orc wizard.

Vanquished Creatures
  Natasha (twice) (D:2)
  8 adders
  A worm (D:2)
  2 leopard geckos (D:2)
  4 orcs
  5 bats
  4 giant cockroaches
  6 hobgoblins
  9 jackals
  9 kobolds
  2 quokkas (D:2)
  4 frilled lizards
  13 goblins
  4 rats
73 creatures vanquished.

Notes
Turn   | Place    | Note
-------+----------+-------------------------------------------
     0 | Abyss:1  | Velaskes the Demonspawn Abyssal Knight began the quest for
                  | the Orb.
     0 | Abyss:1  | Reached XP level 1. HP: 18/18 MP: 2/2
     0 | D:1      | Escaped the Abyss
   562 | D:1      | Gained mutation: Your flesh is cold resistant. (rC+)
                  | [demonic ancestry]
   562 | D:1      | Reached XP level 2. HP: 20/24 MP: 3/3
   590 | D:1      | Reached * piety under Lugonu
   863 | D:1      | Reached skill level 1 in Dodging
   912 | D:1      | Gained mutation: You expend magic power (3 MP) to
                  | strengthen your wands. [potion of mutation]
   912 | D:1      | Gained mutation: You are agile. (Dex +2) [potion of
                  | mutation]
  1069 | D:1      | Found a sparkling altar of Nemelex Xobeh.
  1453 | D:2      | Gained mutation: You are partially covered in yellow
                  | scales. (AC +2) [demonic ancestry]
  1453 | D:2      | Reached XP level 3. HP: 25/30 MP: 4/4
  1903 | D:2      | Found a snail-covered altar of Cheibriados.
  2059 | D:2      | Reached XP level 4. HP: 31/37 MP: 5/5
  2075 | D:2      | Reached ** piety under Lugonu
  2147 | D:2      | Noticed Natasha
  2166 | D:2      | Killed Natasha
  2889 | D:2      | Noticed Natasha
  2907 | D:2      | Killed Natasha
  2907 | D:2      | Reached skill level 4 in Fighting
  2907 | D:2      | Reached XP level 5. HP: 18/42 MP: 6/6
  3418 | D:3      | Found a shadowy altar of Dithmenos.
  3428 | D:3      | Found a deep blue altar of Sif Muna.
  3437 | D:3      | Found a hazy altar of Hepliaklqana.
  4066 | D:4      | Noticed an orc warrior
  4266 | D:4      | Mangled by an orc warrior

Skill      XL: |  1  2  3  4 |
---------------+-------------+-----
Maces & Flails | 2 3 |  3.5
Dodging        | 1 |  1.8
Armour         | 2 |  2.9
Fighting       | 4 |  4.0
Stealth        | |  0.3
Invocations    | |  2.4

Action                   |  1- 3 |  4- 6 || total
-------------------------+-------+-------++-------
Melee: Mace              |   103 |   143 ||   246
Invok: Depart the Abyss  |     1 |       ||     1
  Use: Potion            |     4 |     3 ||     7
       Scroll            |     2 |       ||     2
 Stab: Sleeping          |       |     1 ||     1
  Eat: Ration            |     1 |     2 ||     3
Armor: Leather armour    |    39 |       ||    39
       Ring mail         |    44 |    60 ||   104
Dodge: Dodged            |   105 |   100 ||   205
